 Dungeon Crawl Stone Soup version 0.29-a0-668-g12ee2bf84d (webtiles) character file.

Game seed: 8498829050162552619

214 bande the Skirmisher (level 5, -8/33 HPs)
             Began as a Gargoyle Fighter on June 23, 2022.
             Killed by divine providence
             ... invoked by an orc priest
              (10 damage)
             ... on level 3 of the Dungeon.
             The game lasted 00:07:30 (4021 turns).

bande the Skirmisher (Gargoyle Fighter)             Turns: 4021, Time: 00:07:30

Health: -8/33      AC: 13    Str: 19    XL:     5   Next: 91%
Magic:  5/5        EV:  9    Int:  9    God:
Gold:   142        SH:  9    Dex: 11    Spells: 4/4 levels left

rFire   . . .      SeeInvis .   a - +0 war axe (freeze)
rCold   + . .      Faith    .   c - +0 buckler
rNeg    + . .      Spirit   .   b - +0 scale mail
rPois   ∞          Reflect  +   (no helmet)
rElec   +          Harm     .   e - +1 cloak
rCorr   .          Rampage  .   (no gloves)
Will    .....                   (no boots)
Stlth   ..........              p - amulet "Umiq" {Reflect rC+ SH+5}
HPRegen 0.11/turn               (no ring)
MPRegen 0.09/turn               (no ring)

@: no status effects
A: sickness immunity, AC +4, negative energy resistance 1, electricity
resistance, torment resistance 1, petrification resistance
a: no special abilities


You were on level 3 of the Dungeon.
You visited 1 branch of the dungeon, and saw 4 of its levels.

You collected 142 gold pieces.

Inventory:

Hand Weapons
 a - a +0 war axe of freezing (weapon)
 i - the +10 trident of the Stork {flame, rF+ Dex+5}
   (You found it on level 2 of the Dungeon)

   It burns those it strikes, dealing additional fire damage.
   Dex:       It affects your dexterity (+5).
   rF:        It protects you from fire.
Armour
 b - a +0 scale mail (worn)
 c - a +0 buckler (worn)
 e - a +1 cloak (worn)
Jewellery
 p - the amulet "Umiq" (around neck) {Reflect rC+ SH+5}
   (You found it on level 3 of the Dungeon)

   [amulet of reflection]

   It reflects blocked missile attacks.
   rC:        It protects you from cold.
   SH:        It affects your SH (+5).
Wands
 l - a wand of mindburst (4)
 q - a wand of paralysis (12)
Scrolls
 h - a scroll of fear
 m - 3 scrolls of brand weapon
 o - a scroll of vulnerability {unknown}
 r - a scroll of identify
 s - 3 scrolls of enchant armour
Potions
 d - 2 potions of might
 f - 2 potions of curing
 g - a potion of resistance
 j - a potion of invisibility
 k - a potion of berserk rage {unknown}
 n - a potion of heal wounds {unknown}


   Skills:
 + Level 4.3 Fighting
 + Level 3.6 Axes
 + Level 3.9 Armour
 + Level 4.2 Shields
 * Level 1.0 Evocations


You had 4 spell levels left.
You didn't know any spells.
Your spell library contained the following spells:

 Spells                   Type           Power      Damage    Failure   Level
 Foxfire                  Conj/Fire      0%         2x1d4     83%         1
 Conjure Flame            Conj/Fire      0%         6-21      99%         3
 Ignite Poison            Fire/Tmut/Pois 0%         N/A       99%         3
 Inner Flame              Hex/Fire       0%         N/A       99%         3
 Mephitic Cloud           Conj/Pois/Air  0%         N/A       99%         3
 Flame Wave               Conj/Fire      0%         2d4       100%        4
 Freezing Cloud           Conj/Ice/Air   0%         6-21      100%        5


Dungeon Overview and Level Annotations

Branches:
Dungeon (4/15)
 Temple: D:4-7

Altars:

Shops:
D:3 *


Innate Abilities, Weirdness & Mutations

You are immune to sickness and miasma.
Your stone body is resilient. (AC +4)
You are immune to poison.
You resist negative energy. (rN+)
You are resistant to electric shocks. (rElec)
You are resistant to unholy torment.
You are immune to petrification.


Message History

The orc priest is severely wounded.
The orc priest looks satisfied for a moment.
The orc priest calls down the wrath of Beogh upon you.
Beogh smites you!
* * * LOW HITPOINT WARNING * * *
You closely miss the orc priest.
The orc priest is severely wounded.
The orc priest closely misses you.
You hit the orc priest but do no damage.
The orc priest is severely wounded.
You block the orc priest's attack. The orc priest hits you with a +0 club.
* * * LOW HITPOINT WARNING * * *
You barely miss the orc priest.
The orc priest is severely wounded.
The orc priest looks encouraged for a moment.
You hit the orc priest but do no damage.
The orc priest is severely wounded.
You block the orc priest's attack.
You hit the orc priest but do no damage.
The orc priest is severely wounded.
The orc priest hits you with a +0 club.
* * * LOW HITPOINT WARNING * * *
The orc priest mumbles some strange prayers to Beogh against you.
Pain shoots through your body!
* * * LOW HITPOINT WARNING * * *
You hit the orc priest. You freeze the orc priest.
The orc priest is almost dead.
The orc priest looks braver for a moment.
You closely miss the orc priest.
The orc priest is almost dead.
The orc priest hits you with a +0 club.
* * * LOW HITPOINT WARNING * * *
You barely miss the orc priest.
The orc priest is almost dead.
The orc priest hits you but does no damage.
You hit the orc priest but do no damage.
The orc priest is almost dead.
The orc priest calls down the wrath of Beogh upon you.
Beogh smites you!
You die...

####### ###########
#.....#
#(....[@o.####.###.##
#.#######...........##
#######.#
#..............###
#.......#
#.######..........
#.####### #.#
#........... ###^# #.#
#..##...#.## #...#
##.## #..###.##.##
#.### #...#
#..###.##.## #.# #.#.#
#....<......


You could see an orc priest.

Vanquished Creatures
  A hound (D:3)
  An orc wizard (D:4)
  6 adders
  3 worms
  3 dart slugs
  6 orcs
  8 ball pythons
  10 bats
  2 endoplasms
  5 giant cockroaches
  7 hobgoblins
  4 jackals (D:4)
  3 quokkas (D:3)
  4 frilled lizards
  3 goblins
  10 kobolds
  6 rats
82 creatures vanquished.

Vanquished Creatures (others)
  A plant (D:2)
1 creature vanquished.

Grand Total: 83 creatures vanquished

Notes
Turn   | Place    | Note
-------+----------+-------------------------------------------
     0 | D:1      | bande the Gargoyle Fighter began the quest for the Orb.
     0 | D:1      | Reached XP level 1. HP: 14/14 MP: 1/1
   175 | D:1      | Reached XP level 2. HP: 12/19 MP: 2/2
  1086 | D:1      | Reached XP level 3. HP: 22/24 MP: 3/3
  1156 | D:1      | Found a faded altar of an unknown god.
  1684 | D:2      | Identified the +10 trident of the Stork {flame, rF+ Dex+5}
  1733 | D:2      | Reached XP level 4. HP: 29/29 MP: 4/4
  2252 | D:3      | Found Gimu's General Store.
  2514 | D:3      | Identified the amulet "Umiq" {Reflect rC+ SH+5}
  2636 | D:3      | Reached XP level 5. HP: 33/33 MP: 5/5
  2851 | D:3      | Found a glowing drain.
  3342 | D:4      | Reached skill level 1 in Evocations
  4019 | D:3      | HP: 1/33 [orc priest/+0 club (1)]
  4021 | D:3      | Killed from afar by an orc priest

Illustrated notes

Levels and vault maps discovered:
D:1:      dpeg_arrival_short_road, layout_loops_ring,
          dreamdust_ecumenical_altar_hidden_monk_grotto, nrook_mini_backslash,
          minmay_distorted
D:2:      layout_loops_ring, serial_bayou_pond_d
D:3:      layout_loops_ring, serial_shops, nicolae_shop_behind_doors,
          gup_sewer_entry_bubbles, kennysheep_pointless_box,
          chequers_serial_rivers_small_a, corner_web_ring
D:4:      layout_layer_cave, minmay_temple_entry_ruins, nrook_uturn,
          uniq_eustachio

Skill      XL: |  1  2  3  4  5 |
---------------+----------------+-----
Axes           | 2 3 |  3.6
Fighting       | 4 |  4.3
Shields        | 4 |  4.2
Evocations     | 1 |  1.0
Armour         | |  3.9

Action                   |  1- 3 |  4- 6 || total
-------------------------+-------+-------++-------
Melee: War axe           |   133 |   166 ||   299
  Use: Scroll            |     5 |     5 ||    10
       Potion            |       |     1 ||     1
Armor: Scale mail        |    80 |    79 ||   159
Dodge: Dodged            |    68 |    75 ||   143
Block: Buckler           |    43 |    93 ||   136

Table legend: (Time is in decaauts)
 A = Elapsed time spent in this place.
 B = Non-inter-level travel time spent in this place.
 C = Inter-level travel time spent in this place.
 D = Time resting spent in this place.
 E = Time spent auto-exploring this place.
 F = Levels seen in this place.
 G = Mean time per level.
                   A        B        C        D        E       F      G
               +--------+--------+--------+--------+--------+-----+--------+
         Total |   4188 |   4083 |    105 |    846 |   2283 |   4 | 1047.0 |
       Dungeon |   4188 |   4083 |    105 |    846 |   2283 |   4 | 1047.0 |
               +--------+--------+--------+--------+--------+-----+--------+

Top non-repeatable levels by time:
     D:3: 1581 daAuts
     D:1: 1365 daAuts
     D:2: 840 daAuts
     D:4: 401 daAuts
